 Dungeon Crawl Stone Soup version 0.32-a0-933-ga8fa3634e4 (webtiles) character file.

Game seed: 17956892633592417785

912 KennySheep the Vexing (level 7, -1/40 HPs)
             Began as a Deep Elf Hexslinger on Apr 15, 2024.
             Was a Priest of Cheibriados.
             Slain by a howler monkey (3 damage)
             ... on level 4 of the Dungeon.
             The game lasted 00:14:45 (4073 turns).

KennySheep the Vexing (Deep Elf Hexslinger)         Turns: 4073, Time: 00:14:45

Health: -1/40      AC:  5    Str: 13      XL:     7   Next: 82%
Magic:  15/15      EV: 19    Int: 28      God:    Cheibriados [***...]
Gold:   195        SH:  0    Dex: 23 (25) Spells: 2/14 levels left

rFire   . . .        a - +1 sling
rCold   + . .        (no shield)
rNeg    . . .        k - +1 leather armour {rC+}
rPois   .            (no helmet)
rElec   .            (no cloak)
rCorr   .            p - +0 pair of gloves
SInv    .            (no boots)
Will    .....        f - amulet of the acrobat
Stlth   +++          e - +5 ring of evasion
HPRegen 0.26/turn    g - ring of flight
MPRegen 0.14/turn

%: acrobat
@: flying, hasted, slow
A: no striking features
a: Renounce Religion, Bend Time, Temporal Distortion


You were on level 4 of the Dungeon.
You worshipped Cheibriados.
Cheibriados was most pleased with you.
You visited 2 branches of the dungeon, and saw 6 of its levels.

You collected 195 gold pieces.

Inventory:

Hand Weapons
 a - a +1 sling (weapon)
Armour
 k - a +1 leather armour of cold resistance (worn)
 p - a +0 pair of gloves (worn)
Jewellery
 c - a ring of ice
 e - a +5 ring of evasion (left hand)
 f - an amulet of the acrobat (around neck)
 g - a ring of flight (right hand)
 l - a ring of protection from cold
 s - an amulet of guardian spirit
Scrolls
 b - a scroll of poison
 h - a scroll of silence {unknown}
 i - a scroll of identify {unknown}
 j - a scroll of revelation {unknown}
 m - a scroll of fog
 o - a scroll of vulnerability {unknown}
 q - 2 scrolls of blinking {unknown}
 r - a scroll of butterflies {unknown}


   Skills:
 + Level 2.0 Fighting
 + Level 5.0 Ranged Weapons
 + Level 4.6 Dodging
 + Level 3.9 Stealth
 + Level 4.4 Spellcasting
 + Level 5.5 Hexes
 * Level 3.6 Translocations
 - Level 1.1 Fire Magic
 + Level 2.9 Invocations


You had 2 spell levels left.
You knew the following spells:

 Your Spells              Type           Power      Damage    Failure   Level
a - Jinxbite              Hex            74%        N/A       1%          2
b - Dimensional Bullseye  Hex/Tloc       15%        N/A       14%         4
c - Dispersal             Tloc           13%        N/A       97%         6

Your spell library contained the following spells:

 Spells                   Type           Power      Damage    Failure   Level
 Sigil of Binding         Hex            37%        N/A       2%          3
 Teleport Other           Tloc           26%        N/A       6%          3
 Inner Flame              Hex/Fire       24%        N/A       7%          3
 Cause Fear               Hex            18%        N/A       10%         4
 Gell's Gavotte           Tloc           13%        2d(17-25) 97%         6


Dungeon Overview and Level Annotations

Branches:
Dungeon (5/15)             Temple (1/1) D:4

Altars:
Ashenzari
Cheibriados
Dithmenos
Elyvilon
Fedhas
Hepliaklqana
Kikubaaqudgha
Makhleb
Okawaru
Qazlal
Ru
Sif Muna
Trog
Vehumet
Wu Jian
Xom
Yredelemnul
Zin
The Shining One


Message History

The sling bullet hits the howler monkey.
The howler monkey is lightly wounded.
You hear some strange, mumbled words.
A puff of flame appears from out of thin air!
The puff of flame hits you! The howler monkey closely misses you.
An ogre comes into view. It is wielding a +0 giant spiked club.
Something hits you.
You shoot a sling bullet. The sling bullet hits the ogre.
The ogre is lightly wounded.
The howler monkey hits you but does no damage.
Something hits you but does no damage.
The howler monkey completely misses you.
You shoot a sling bullet. The sling bullet hits the ogre!
The ogre is heavily wounded.
The howler monkey closely misses you.
You hear some strange, mumbled words.
You are confused.
You feel your willpower return.
The howler monkey hoots and howls with incredible vigour!
Something hits you.
* * * LOW HITPOINT WARNING * * *
You hear a bark!
The howler monkey attacks as it pursues you!
The howler monkey completely misses you. x2
There is an escape hatch in the ceiling here.
The howler monkey hits you.
* * * LOW HITPOINT WARNING * * *
A mysterious force pulls you upwards. The hatch slams shut behind you.
Reactivating autopickup.
You feel less confused.
You shoot a sling bullet.
The sling bullet closely misses the howler monkey.
The howler monkey hits you.
* * * LOW HITPOINT WARNING * * *
The howler monkey hoots and howls with incredible vigour!
It was a potion of haste.
You feel yourself speed up.
Cheibriados forgives your accidental hurry, just this once.
The howler monkey hits you.
You die...
Cheibriados appreciates the motionlessness of death.

#######..###.######...#.##.#.#.#.
......................#.##.#)#.#.
########.####..####...#.##....)..
## #.###......#..##.##.#)#.#. .#
#.##..#.#.....##.##)#.#... .#
#.#..##.##.....#.##.#.#(#. .#
#.#...###..#)#..÷...÷...). .#
#......#..##.##.###.#.#.#. .#
####'..###@h###...##.#.#.#. .#
#.....##.##..##...##)#.#.#. .#
#......#.#..###...##.#.#.#. ##
#..........##.##..##.#.#.#.
#...........#.#)...#....... #
#.....#####...........##.#.
#######.....# ###..#####..##.#.
'...........# #...####.......
######.###'## #......##..#.#.


You could see a howler monkey (catching breath).

Vanquished Creatures
  Grinder (D:3)
  A black bear (D:4)
  2 scorpions
  2 hounds (D:4)
  3 orc priests
  2 iguanas (D:4)
  A sleepcap (D:4)
  An orc wizard (D:4)
  7 gnolls (D:4)
  8 adders
  2 ufetubi (D:4)
  2 ribbon worms
  3 dart slugs
  12 orcs
  9 ball pythons
  8 endoplasms
  7 goblins
  5 hobgoblins
  A jackal (D:4)
  3 quokkas
  3 bats
  2 frilled lizards (D:1)
  6 kobolds
  7 rats
98 creatures vanquished.

Vanquished Creatures (others)
  An orc wizard (D:4)
1 creature vanquished.

Grand Total: 99 creatures vanquished

Notes
Turn   | Place    | Note
-------+----------+-------------------------------------------
     0 | D:1      | KennySheep the Deep Elf Hexslinger began the quest for the
                  | Orb.
     0 | D:1      | Reached XP level 1. HP: 11/11 MP: 5/5
   130 | D:1      | Reached skill level 1 in Fighting
   134 | D:1      | Reached XP level 2. HP: 16/16 MP: 6/6
   355 | D:1      | Reached skill level 1 in Stealth
   612 | D:1      | Reached XP level 3. HP: 20/20 MP: 8/8
   615 | D:1      | Learned a level 2 spell: Jinxbite
   934 | D:2      | Found a faded altar of an unknown god.
   937 | D:2      | Prayed at the altar of an unknown god.
   937 | D:2      | Became a worshipper of Cheibriados the Contemplative
   937 | D:2      | Reached * piety under Cheibriados
  1060 | D:2      | Reached XP level 4. HP: 25/25 MP: 9/9
  1069 | D:2      | Reached skill level 1 in Translocations
  1607 | D:3      | Learned a level 4 spell: Dimensional Bullseye
  1787 | D:3      | Noticed Grinder
  1806 | D:3      | Killed Grinder
  1807 | D:3      | Reached skill level 1 in Invocations
  1807 | D:3      | Reached XP level 5. HP: 29/29 MP: 9/11
  1807 | D:3      | Reached XP level 6. HP: 34/34 MP: 9/12
  2011 | D:3      | Found a broken altar of Ashenzari.
  2126 | D:3      | Reached ** piety under Cheibriados
  2249 | D:3      | Identified the +0 whip "Faj Ledati" {protect, rC+ Int-5
                  | Dex+3}
  2536 | D:4      | Reached skill level 5 in Hexes
  2717 | D:4      | Learned a level 6 spell: Dispersal
  2838 | D:4      | HP: 1/34 [something/puff of flame (9)]
  2862 | D:4      | Reached XP level 7. HP: 35/38 MP: 14/14
  3175 | D:4      | Reached *** piety under Cheibriados
  3476 | D:4      | Reached skill level 5 in Ranged Weapons
  3581 | D:4      | Found an ornate altar of the Wu Jian Council.
  3582 | D:4      | Found a hazy altar of Hepliaklqana.
  3659 | D:4      | Found a staircase to the Ecumenical Temple.
  3977 | Temple   | Entered the Ecumenical Temple
  4044 | D:5      | Entered Level 5 of the Dungeon
  4072 | D:4      | HP: 2/40 [howler monkey (4)]
  4073 | D:4      | Slain by a howler monkey

Illustrated notes

Levels and vault maps discovered:
D:1:      giann_wishing_wells, layout_loops_cross
D:2:      layout_basic, shapermc_ecumenical_altar_mp_vishouse
D:3:      layout_loops_corners, mainiacjoe_overflow_24_doors, uniq_grinder
D:4:      layout_basic, gammafunk_temple_overflow_statue,
          lemuel_temple_firewalk_a, minmay_between
D:5:      layout_basic, minmay_manual_moon
Temple:   nicolae_temple_slightly_damp_pantheon

Skill      XL: |  1  2  3  4  5  6  7 |
---------------+----------------------+-----
Fighting       | 1 2 |  2.0
Ranged Weapons | 3 4 5 |  5.0
Spellcasting   | 2 3 4 |  4.4
Stealth        | 1 2 3 |  3.9
Dodging        | 3 4 |  4.6
Translocations | 2 3 |  3.6
Invocations    | 1 2 |  2.9
Hexes          | 5 |  5.5
Fire Magic     | |  1.1

Action                     |  1- 3 |  4- 6 |  7- 9 || total
---------------------------+-------+-------+-------++-------
  Melee: Sling             |       |     4 |     1 ||     5
   Fire: Sling             |   110 |   150 |   163 ||   423
   Cast: Jinxbite          |     3 |     2 |     3 ||     8
    Use: Scroll            |       |     3 |       ||     3
         Potion            |       |     5 |     2 ||     7
 Armour: Robe              |    15 |       |       ||    15
         Leather armour    |     8 |    69 |    54 ||   131
  Dodge: Dodged            |    43 |   117 |   119 ||   279

Table legend: (Time is in decaauts)
 A = Elapsed time spent in this place.
 B = Non-inter-level travel time spent in this place.
 C = Inter-level travel time spent in this place.
 D = Time resting spent in this place.
 E = Time spent auto-exploring this place.
 F = Levels seen in this place.
 G = Mean time per level.
                   A        B        C        D        E       F      G
               +--------+--------+--------+--------+--------+-----+--------+
         Total |   5206 |   5014 |    192 |    129 |   3960 |   6 |  867.7 |
       Dungeon |   5204 |   5012 |    192 |    129 |   3960 |   5 | 1040.8 |
        Temple |      1 |      1 |      0 |      0 |      0 |   1 |    1.0 |
               +--------+--------+--------+--------+--------+-----+--------+

Top non-repeatable levels by time:
     D:4: 2158 daAuts
     D:3: 1405 daAuts
     D:1: 846 daAuts
     D:2: 760 daAuts
     D:5: 33 daAuts
  Temple: 1 daAuts
